 Dungeon Crawl Stone Soup version 0.16-a0-3843-ged98c6c (webtiles) character file.

141 timbw the Chopper (level 5, 0/61 HPs)
             Began as a Human Berserker on Jan 30, 2015.
             Was a Believer of Trog.
             Slain by Prince Ribbit (11 damage)
             ... on level 5 of the Dungeon.
             The game lasted 00:02:28 (400 turns).

timbw the Chopper (Human Berserker)                  Turns: 400, Time: 00:02:28

Health: 0/61       AC:  9    Str: 22    XL:     5   Next: 48%
Magic:  5/5        EV:  8    Int:  8    God:    Trog [**....]
Gold:   48         SH:  0    Dex: 13    Spells: 0 memorised, 4 levels left

rFire  . . .     SeeInvis .     a - +0 hand axe
rCold  + . .     Clarity  .     n - +0 chain mail
rNeg   . . .     SustAb   .     (no shield)
rPois  .         Gourm    .     (no helmet)
rElec  .         Spirit   .     (no cloak)
rCorr  .         Warding  .     (no gloves)
rMut   .         Stasis   .     f - +0 pair of boots
MR     ++...                    (no amulet)
Stlth  ..........               (no ring)
                                i - ring of protection from cold

@: berserking, regenerating, very quick, very resistant to hostile enchantments,
extremely unstealthy
A: no striking features
a: Burn Spellbooks, Berserk, Trog's Hand, Renounce Religion


You were on level 5 of the Dungeon.
You worshipped Trog.
Trog was pleased with you.
You were not hungry.

You visited 1 branch of the dungeon, and saw 5 of its levels.

You collected 48 gold pieces.

Inventory:

Hand weapons
 a - a +0 hand axe (weapon)
Armour
 b - a +0 animal skin
 f - a +0 pair of boots (worn)
 n - a +0 chain mail (worn)
Jewellery
 i - a ring of protection from cold (left hand)
Scrolls
 e - a scroll of enchant weapon {unknown}
 h - 2 scrolls of remove curse {unknown}
 j - a scroll of blinking {unknown}
 k - a scroll of fear {unknown}
 m - a scroll of immolation {unknown}
 r - a scroll of teleportation {unknown}
Potions
 d - a potion of curing {unknown}
 l - a potion of ambrosia {unknown}
 o - a potion of agility {unknown}
 p - a potion of restore abilities {unknown}
 q - a potion of magic {unknown}
Comestibles
 c - a bread ration
 g - a slice of pizza


   Skills:
 - Level 3.0 Fighting
 + Level 5.7 Axes
 - Level 2.0 Armour
 - Level 2.0 Dodging


You had 4 spell levels left.
You didn't know any spells.

Dungeon Overview and Level Annotations

Branches:
Dungeon (5/15)
 Temple: D:4-7

Altars:

Annotations:
D:5 Prince Ribbit


Message History

You feel resistant to hostile enchantments.
You feel slightly more hungry. Prince Ribbit hits you!
* * * LOW HITPOINT WARNING * * *
Drink which item? (? for menu, Esc to quit)
Okay, then.
Use which ability? (? or * to list)
Okay, then.
Prince Ribbit barely misses you.
Use which ability? (? or * to list)
A red film seems to cover your vision as you go berserk!
You feel yourself moving faster!
You feel mighty!
You feel somewhat more hungry.
Prince Ribbit hits you but does no damage.
You miss Prince Ribbit.
Prince Ribbit hits you but does no damage.
You closely miss Prince Ribbit. Prince Ribbit hits you!
* * * LOW HITPOINT WARNING * * *
Prince Ribbit momentarily phases out as your attack passes through him.
Prince Ribbit hits you!
You die...

### ##.##
##...######
#........... #.<.#
####.######.#######
........@Fr.........
.###...####.#######
#... ..# ##. #.# #
#.# ..# #.# #.# .


You could see Prince Ribbit and a rat.

Vanquished Creatures
  Sigmund (D:3)
  A worker ant (D:4)
  3 gnolls (D:4)
  A bat (D:3)
  2 giant cockroaches
  3 hobgoblins
  5 kobolds
  A goblin (D:2)
  4 rats
21 creatures vanquished.

Notes
Turn   | Place    | Note
--------------------------------------------------------------
     0 | D:1      | timbw, the Human Berserker, began the quest for the Orb.
     0 | D:1      | Reached XP level 1. HP: 18/18 MP: 1/1
   121 | D:1      | Reached XP level 2. HP: 17/24 MP: 2/2
   273 | D:4      | Reached skill level 4 in Axes
   273 | D:4      | Reached XP level 3. HP: 29/29 MP: 3/3
   274 | D:4      | Acquired Trog's second power
   285 | D:4      | Reached XP level 4. HP: 35/35 MP: 4/4
   293 | D:3      | Noticed Sigmund
   351 | D:3      | Killed Sigmund
   351 | D:3      | Reached skill level 5 in Axes
   351 | D:3      | Reached XP level 5. HP: 25/41 MP: 5/5
   386 | D:4      | Noticed Prince Ribbit
   391 | D:5      | Entered Level 5 of the Dungeon
   400 | D:5      | Slain by Prince Ribbit

Action                   |  1- 3 |  4- 6 || total
-------------------------+-------+-------++-------
Melee: Hand axe          |    47 |    23 ||    70
Invok: Berserk           |     1 |     1 ||     2
       Trog's Hand       |       |     1 ||     1
